 Seeded DCSS version 0.30-a0-465-g8901f6c (webtiles) character file.

Game seed: 3104730600629004498 (custom seed)

353965 Sixotanaka the Impregnable (level 22, -1/160 (190) HPs)
             Began as a Barachi Gladiator on Dec 16, 2022.
             Was an Elder of Cheibriados.
             Slain by a spectral sphinx (4 damage)
             ... while paralysed by a vampire knight
             ... on level 3 of the Depths on Dec 17, 2022.
             The game lasted 03:23:08 (35428 turns).

Sixotanaka the Impregnable (Barachi Gladiator)     Turns: 35428, Time: 03:23:09

HP:   -1/160 (190)  AC: 32    Str: 29    XL:     22   Next: 29%
MP:   31/31         EV:  2    Int: 21    God:    Cheibriados [****..]
Gold: 609           SH:  0    Dex: 30    Spells: 14/21 levels left

rFire   + + .      SeeInvis +    a - +9 rapier (flame)
rCold   + . .      Faith    .    q - +7 tower shield {rF+}
rNeg    . . .      Spirit   .    v - +2 chain mail "Qaggyvoh" {rC+}
rPois   .          Reflect  .    f - +0 helmet of the Shoals {rF+ Regen+ Dex+4}
rElec   .          Harm     .    n - +0 cloak
rCorr   .          Rampage  .    U - +1 pair of gloves
Will    +....                    J - +2 pair of boots {Stlth+}
Stlth   ..........               t - amulet of regeneration
HPRegen 2.06/turn                B - +4 ring of protection
MPRegen 0.22/turn                O - ring of see invisible

@: paralysed, unable to hop, heavily drained, unable to drink, very slow
A: amphibious, slowness 1, strong legs 2, +LOS, hooves 1, evolution 1, inability
to drink after injury 1
}: 2/15 runes: serpentine, barnacled
a: Hop, Renounce Religion, Bend Time, Temporal Distortion, Slouch


You were on level 3 of the Depths.
You worshipped Cheibriados.
Cheibriados was greatly pleased with you.
You visited 8 branches of the dungeon, and saw 37 of its levels.
You visited 1 bazaar.
You also visited: Sewer and Ice Cave.

You collected 3889 gold pieces.
You spent 3280 gold pieces at shops.

Inventory:

Hand Weapons
 a - a +9 rapier of flaming (weapon)
 I - a +3 vorpal quick blade
Missiles
 d - 3 throwing nets {!f}
 e - 4 javelins (quivered)
 i - a silver javelin
 K - 33 poisoned darts
 P - 8 boomerangs of dispersal
 R - 4 curare-tipped darts
 T - 8 atropa-tipped darts
Armour
 f - the +0 helmet of the Shoals (worn) {rF+ Regen+ Dex+4}
   (You acquired it on level 4 of the Dungeon)

   Dex:       It affects your dexterity (+4).
   rF:        It protects you from fire.
   Regen:     It increases your rate of health regeneration.
 n - a +0 cloak (worn)
 q - a +7 tower shield of fire resistance (worn)
 v - the +2 chain mail "Qaggyvoh" (worn) {rC+}
   (You found it on level 1 of the Depths)

   rC:        It protects you from cold.
 J - a +2 pair of boots of stealth (worn)
 U - a +1 pair of gloves (worn)
Jewellery
 k - a ring of protection from fire
 m - a +4 ring of slaying
 t - an amulet of regeneration (around neck)
 B - a +4 ring of protection (left hand)
 H - a ring of ice
 O - a ring of see invisible (right hand)
 Q - a ring of poison resistance
 V - a ring of resist corrosion
 Y - an amulet of reflection
Wands
 z - a wand of mindburst (6)
 D - a wand of paralysis (14)
 M - a wand of light (4)
 X - a wand of roots (7)
Scrolls
 g - a scroll of blinking
 p - 17 scrolls of teleportation
 r - 2 scrolls of enchant weapon
 y - 9 scrolls of amnesia
 A - 5 scrolls of magic mapping
 C - 5 scrolls of fear
 E - 2 scrolls of butterflies
 G - 12 scrolls of identify
 L - a scroll of brand weapon
 W - 2 scrolls of fog
Potions
 b - 3 potions of heal wounds
 c - a potion of brilliance
 h - 8 potions of curing
 j - 4 potions of magic
 l - 5 potions of might
 o - 7 potions of cancellation
 s - 6 potions of flight
 u - 4 potions of mutation
 w - a potion of berserk rage
 x - 2 potions of invisibility
 N - 5 potions of resistance
 S - 10 potions of attraction
Miscellaneous
 F - a box of beasts
 Z - a phantom mirror


   Skills:
 - Level 20.0 Fighting
 - Level 16.0 Short Blades
 - Level 10.0 Throwing
 - Level 21.1 Armour
 + Level 18.2 Dodging
 - Level 15.0 Shields
 - Level 5.0 Translocations
 - Level 12.0 Invocations
 - Level 12.1 Evocations


You had 14 spell levels left.
You knew the following spells:

 Your Spells              Type           Power      Damage    Failure   Level
a - Blink                 Tloc           42%        N/A       32%         2
b - Wereblood             Tmut           0%         N/A       95%         2
c - Stone Arrow           Conj/Erth      0%         3d7       99%         3

Your spell library contained the following spells:

 Spells                   Type           Power      Damage    Failure   Level
 Apportation              Tloc           42%        N/A       22%         1
 Lesser Beckoning         Tloc           42%        N/A       54%         3
 Momentum Strike          Conj/Tloc      20%        3d8       67%         2
 Necrotise                Necr           0%         1d4       86%         1
 Summon Small Mammal      Summ           0%         N/A       86%         1
 Portal Projectile        Hex/Tloc       20%        N/A       88%         3
 Manifold Assault         Tloc           21%        N/A       91%         4
 Cigotuvi's Dreadful Rot  Necr/Pois/Air  0%         N/A       95%         2
 Poisonous Vapours        Pois/Air       0%         N/A       95%         2
 Sublimation of Blood     Necr           0%         N/A       95%         2
 Kindle Blastsparks       Fire/Tloc/Air  12%        2d11      95%         3
 Hailstorm                Conj/Ice       0%         3d3       99%         3
 Ignite Poison            Fire/Tmut/Pois 0%         N/A       99%         3
 Tukima's Dance           Hex            0%         N/A       99%         3
 Anguish                  Hex/Necr       0%         N/A       100%        4
 Animate Armour           Summ/Erth      0%         N/A       100%        4
 Ice Form                 Ice/Tmut       0%         N/A       100%        4
 Leda's Liquefaction      Hex/Erth       0%         N/A       100%        4
 Olgreb's Toxic Radiance  Pois           0%         N/A       100%        4
 Sticky Flame             Conj/Fire      0%         2d3       100%        4
 Alistair's Intoxication  Tmut/Pois      0%         N/A       100%        5
 Blade Hands              Tmut           0%         N/A       100%        5
 Freezing Cloud           Conj/Ice/Air   0%         6-21      100%        5
 Lee's Rapid Deconstruct  Erth           0%         3d4*      100%        5
 Yara's Violent Unravell  Hex/Tmut       0%         3d3       100%        5
 Simulacrum               Ice/Necr       0%         N/A       100%        6
 Statue Form              Tmut/Erth      0%         N/A       100%        6
 Enfeeble                 Hex            0%         N/A       100%        7
 Ozocubu's Refrigeration  Ice            0%         4d7       100%        7
 Storm Form               Tmut/Air       0%         N/A       100%        7
 Summon Hydra             Summ           0%         N/A       100%        7
 Ignition                 Fire           0%         3d3       100%        8
 Infestation              Necr           0%         N/A       100%        8
 Lehudib's Crystal Spear  Conj/Erth      0%         10d2      100%        8
 Polar Vortex             Ice            0%         N/A       100%        9


Dungeon Overview and Level Annotations

Branches:
Dungeon (15/15)            Temple (1/1) D:4            Lair (5/5) D:11
 Shoals (4/4) Lair:2        Snake (4/4) Lair:2        Slime (0/5) Lair:5
    Orc (2/2) D:9             Elf (0/3) Orc:2        Vaults (2/5) D:13
 Depths (4/4) D:15          Sewer (visited)           IceCv (visited)
  Crypt: Vaults:2-3     Zot: Depths:4

Altars:
Ashenzari
Cheibriados
Dithmenos
Elyvilon
Fedhas
Gozag
Hepliaklqana
Kikubaaqudgha
Makhleb
Nemelex Xobeh
Okawaru
Qazlal
Ru
Sif Muna
Trog
Uskayaw
Vehumet
Wu Jian
Xom
Yredelemnul
Zin
The Shining One

Shops:
D:4 [   D:10 *   D:11 *   Orc:1 *   Orc:2 (*=[   Shoals:2 !   Snake:2 *
Snake:3 ==(((   Depths:2 (?(*

Portals:
Hell: Depths:2
Pandemonium: Depths:2
Ziggurat: Depths:4
Trove: D:11 (give +2 shadow dragon scales)

Annotations:
D:14 Roxanne
Shoals:1 3 transporters
Snake:4 1 runed translucent door, Mesuenwa's ghost, adept DEHW
Depths:1 3 runed translucent doors, Feaxav's ghost, adept TrMo
Depths:3 exclusion: orange crystal statue


Innate Abilities, Weirdness & Mutations

You are amphibious.
You cover ground slowly.
You can hop long distances.
You have an extended range of vision and can be seen from far away.
You have large cloven feet.
You have hidden genetic potential.
You occasionally lose the ability to drink potions when taking damage.


Message History

You easily resist.
The spectral sphinx hits you but does no damage.
You block the spectral sphinx's attack. x2
You closely miss the vampire knight.
The vampire knight is almost destroyed.
You are engulfed in freezing vapours.
You resist.
You block the vampire knight's attack. x2
The phantasmal warrior hits you but does no damage.
The frost giant casts a spell at you. The bolt of cold misses you.
The spectral sphinx hits you but does no damage.
You block the spectral sphinx's attack. x2
You hit the vampire knight but do no damage.
The vampire knight is almost destroyed.
You are engulfed in freezing vapours.
You resist.
The vampire knight gestures at you while chanting.
You suddenly lose the ability to move!
The phantasmal warrior gestures at you.
The phantasmal warrior blinks!
The frost giant hits you with a +1 battleaxe of freezing!!
You feel threatened and lose the ability to drink potions!
The frost giant freezes you.
The phantasmal warrior hits you but does no damage.
The vampire knight gestures at you while chanting.
You easily resist.
The spectral sphinx hits you but does no damage. x3
The vampire knight hits you with a +0 great mace!
The vampire knight bites you.
* * * LOW HITPOINT WARNING * * *
The vampire knight draws strength from your injuries!
The phantasmal warrior hits you but does no damage.
The phantasmal warrior hits you!
* * * LOW HITPOINT WARNING * * *
The frost giant hits you with a +1 battleaxe of freezing!!
* * * LOW HITPOINT WARNING * * *
The frost giant freezes you.
* * * LOW HITPOINT WARNING * * *
The spectral sphinx hits you but does no damage. x2
The spectral sphinx hits you.
You die...

≈≈≈≈~~~.##.....###≈≈#..W#..####
≈≈≈≈≈≈~≈###....~#≈≈≈~......~≈≈#
≈≈≈≈≈≈≈≈≈###~~~≈≈≈≈≈V#≈~~~~≈≈####
≈≈≈≈≈≈≈≈≈≈≈≈≈≈~≈≈≈≈≈≈≈≈≈≈≈~≈####≈
≈≈≈≈≈≈#≈≈≈§≈≈≈≈≈≈≈≈≈≈≈≈≈≈≈≈≈≈)≈≈≈
≈≈≈≈≈≈≈≈≈≈≈≈≈≈≈≈≈≈≈≈≈≈≈≈≈≈≈≈≈≈[≈≈
~~≈≈≈≈≈≈##≈≈≈≈≈≈≈##≈≈≈≈≈≈≈≈≈≈≈≈≈≈
8 #≈≈≈≈≈≈≈≈≈≈≈ZC####≈≈≈≈≈≈≈≈≈≈≈≈
###~≈≈≈##≈≈≈≈W@W# ########~≈~)≈
###....~≈≈##≈≈≈V######...###....#
#........~~~≈~~....##.....###...>
............~~..........).####.##
.....>...........)).........####
....<><..........†..........#
#####'####################### #(#
#<#


You could see a frost giant, a vampire knight (fast, invisible), 2 phantasmal
warriors and a spectral sphinx.

Vanquished Creatures
  A juggernaut (Depths:4)
  Saint Roka (Orc:2)
  9 caustic shrikes (Depths:4)
  Rupert (Lair:3)
  A tentacled monstrosity (Depths:3)
  2 liches
  An ancient champion (Vaults:2)
  A sphinx (Depths:2)
  Frances (Shoals:1)
  Kirke (Lair:2)
  A tengu reaver (Vaults:1)
  8 nagarajas (Snake:4)
  An iron dragon (Depths:3)
  A frost giant (Depths:2)
  2 spectral juggernauts (Depths:3)
  3 vault wardens (Vaults:1)
  A ghoul (Vaults:2)
  4 spectral caustic shrikes (Depths:3)
  A balrug (Depths:4)
  A spriggan defender (Depths:4)
  6 ironbound preservers
  A war gargoyle (Depths:3)
  10 stone giants
  13 very ugly things
  2 ironbound thunderhulks
  4 vampire knights
  A lorocyproca (Depths:4)
  A black draconian (Depths:4)
  4 spark wasps (Depths:2)
  A spectral titan (Depths:3)
  2 eidola (Depths:3)
  Snorg (Lair:3)
  8 merfolk impalers
  3 ettins
  3 deep elf death magi (Depths:3)
  7 fire dragons
  A spectral golden dragon (Depths:3)
  3 merfolk javelineers
  4 hydras
  2 great orbs of eyes (Vaults:1)
  4 rakshasas (Depths:1)
  2 yaktaur captains (Vaults:1)
  5 vault guards (Vaults:1)
  A salamander tyrant (Snake:4)
  An entropy weaver (Vaults:1)
  4 ice dragons
  A spectral tengu (Depths:3)
  A spectral sphinx (Depths:3)
  5 ironbound frosthearts
  Erica (Lair:2)
  A spectral shadow dragon (Depths:3)
  A spectral fire giant (Depths:3)
  8 centaur warriors
  2 alligator snapping turtles (Shoals:3)
  4 boulder beetles
  A merfolk avatar (Shoals:2)
  4 spriggan air magi
  A death knight (Vaults:2)
  12 anacondas
  A catoblepas (Lair:5)
  2 dancing weapons (D:13)
  2 merfolk aquamancers (Shoals:4)
  12 naga warriors
  4 vampire magi (Depths:3)
  15 death yaks
  5 deep troll shamans
  3 deep troll earth magi
  3 satyrs
  2 two-headed ogres
  5 shock serpents
  4 spectral storm dragons (Depths:3)
  8 tengu warriors
  2 soul eaters
  An orc high priest (Orc:2)
  2 spriggan berserkers
  16 naga sharpshooters
  7 hell knights
  4 spriggans
  Amaemon (Lair:3)
  6 salamander mystics
  7 sun demons (Depths:4)
  14 sea snakes
  5 skeletal warriors (D:15)
  2 iron trolls
  15 deep trolls
  A death drake (Depths:2)
  4 glowing orange brains (Depths:3)
  5 naga ritualists
  4 flayed ghosts
  4 orc knights
  A quicksilver dragon simulacrum (Depths:3)
  2 ironbound convokers (Vaults:1)
  A spectral iron dragon (Depths:3)
  A spriggan simulacrum (Depths:3)
  An obsidian statue (Depths:4)
  8 harpies
  5 lindwurms
  4 phantasmal warriors
  5 wizards
  2 necromancers
  2 deep elf pyromancers
  A fire giant zombie (Depths:1)
  13 manticores
  31 fauns
  10 mana vipers
  42 ugly things
  7 elephants
  4 orc sorcerers (Orc:2)
  5 guardian serpents
  21 salamanders
  8 cyclopes
  31 black mambas
  7 vault sentinels
  3 merfolk sirens
  14 naga magi
  3 smoke demons (Depths:4)
  A rust devil (Depths:4)
  2 ice statues (IceCv)
  3 water nymphs
  A torpor snail (Lair:3)
  A storm dragon simulacrum (Depths:3)
  2 gargoyles
  13 cane toads
  2 kobold demonologists (D:14)
  3 orange demons
  A spriggan zombie (Depths:1)
  An unseen horror (D:11)
  5 rime drakes
  A freezing wraith (D:15)
  7 yaktaurs (Vaults:1)
  A tormentor (Depths:2)
  8 komodo dragons
  3 spectral glowing shapeshifters (Depths:3)
  An efreet (D:13)
  2 tengu conjurers
  5 ice devils
  A red devil (Depths:4)
  30 merfolk
  7 wind drakes
  4 hornets
  3 trolls
  A polar bear (Lair:3)
  A tengu simulacrum (Depths:3)
  3 meliai (D:13)
  Grinder (D:6)
  22 dream sheep
  15 slime creatures
  8 snapping turtles
  7 blink frogs
  A centaur simulacrum (D:14)
  2 ynoxinuls
  A flying skull (Vaults:2)
  A vampire (D:11)
  A shadow (D:11)
  10 water elementals
  A wraith (D:11)
  51 yaks
  10 wyverns
  2 fire bats (Depths:4)
  6 neqoxecs
  2 steam dragons
  2 basilisks
  3 redbacks (Vaults:1)
  3 death yak simulacra (IceCv)
  4 vampire mosquitoes
  5 acid dragons
  2 wargs (Orc:2)
  62 nagas
  16 water moccasins
  3 sky beasts
  4 black bears
  27 orc warriors
  12 wolves
  4 ogres
  16 centaurs
  2 phantoms
  5 kobold brigands
  13 bullfrogs
  2 necrophages
  A gnoll sergeant (D:11)
  3 scorpions
  9 wights
  2 elephant simulacra (IceCv)
  5 killer bees (D:9)
  6 howler monkeys
  6 electric eels
  3 jellies
  15 orc priests
  2 gnoll boudas
  4 hounds
  3 iguanas
  24 orc wizards
  4 hell rats (Lair:1)
  8 gnolls
  13 adders
  6 river rats (Sewer)
  An ufetubus (D:6)
  2 worms
  2 dart slugs
  89 orcs
  11 ball pythons
  7 bats
  10 endoplasms
  4 giant cockroaches
  8 goblins
  5 hobgoblins
  2 jackals (D:2)
  4 quokkas
  7 frilled lizards
  11 kobolds
  16 rats
1308 creatures vanquished.

Vanquished Creatures (collateral kills)
  An ironbound thunderhulk (Vaults:1)
  3 fauns (Shoals:2)
4 creatures vanquished.

Vanquished Creatures (others)
  4 fire giants
  An ironbound preserver (Vaults:1)
  A merfolk javelineer (Shoals:4)
  A naga warrior (Snake:4)
  A yaktaur (Vaults:1)
  A naga (Snake:3)
  A human (D:9)
  An orc priest (Orc:2)
  A bush (Lair:3)
  48 fungi
  254 plants
314 creatures vanquished.

Grand Total: 1626 creatures vanquished

Notes
Turn   | Place    | Note
-------+----------+-------------------------------------------
     0 | D:1      | Sixotanaka the Barachi Gladiator began the quest for the
                  | Orb.
     0 | D:1      | Reached XP level 1. HP: 17/17 MP: 1/1
   105 | D:1      | Reached XP level 2. HP: 17/23 MP: 2/2
   192 | D:1      | You fall into a shaft and drop 1 floor!
   346 | D:1      | Reached XP level 3. HP: 27/28 MP: 3/3
   885 | D:2      | Found an iron altar of Okawaru.
   915 | D:2      | Reached skill level 5 in Short Blades
  1308 | D:3      | Reached XP level 4. HP: 29/34 MP: 4/4
  1535 | D:3      | Found a bloodstained altar of Trog.
  1721 | D:3      | Reached XP level 5. HP: 11/39 MP: 5/5
  2153 | D:4      | Found a staircase to the Ecumenical Temple.
  2153 | D:4      | Found a shadowy altar of Dithmenos.
  2388 | Temple   | Entered the Ecumenical Temple
  2426 | Temple   | Became a worshipper of Cheibriados the Contemplative
  2486 | D:4      | Identified a scroll of acquirement
  2500 | D:4      | Acquired the +0 helmet of the Shoals {rF+ Regen+ Dex+4}
  2535 | D:4      | Noticed a phantom
  2550 | D:4      | Killed a phantom
  2551 | D:4      | Reached XP level 6. HP: 46/46 MP: 6/6
  2687 | D:4      | Found a sparkling altar of Nemelex Xobeh.
  2687 | D:4      | Found a radiant altar of Vehumet.
  2840 | D:4      | Found Awnuda's Antique Armour Boutique.
  2878 | D:4      | Bought a glowing leather armour for 90 gold pieces
  2999 | D:5      | Entered Level 5 of the Dungeon
  3024 | D:5      | Reached XP level 7. HP: 48/51 MP: 7/7
  3143 | D:5      | Found a glowing drain.
  3148 | Sewer    | Entered a sewer
  3186 | Sewer    | Reached * piety under Cheibriados
  3521 | Sewer    | Reached ** piety under Cheibriados
  4232 | D:5      | Reached skill level 5 in Fighting
  4232 | D:5      | Reached XP level 8. HP: 62/62 MP: 8/8
  4271 | D:5      | Learned a level 2 spell: Blink
  4633 | D:6      | Reached skill level 10 in Short Blades
  4856 | D:6      | Noticed Grinder
  4869 | D:6      | Paralysed by Grinder for 2 turns
  4873 | D:6      | Killed Grinder
  4874 | D:6      | Reached XP level 9. HP: 74/74 MP: 9/9
  4973 | D:6      | Found an opulent altar of Gozag.
  5058 | D:6      | Reached *** piety under Cheibriados
  5779 | D:7      | Learned a level 2 spell: Wereblood
  5841 | D:7      | Reached skill level 1 in Invocations
  5883 | D:7      | Reached **** piety under Cheibriados
  5997 | D:8      | Reached skill level 10 in Fighting
  5997 | D:8      | Reached XP level 10. HP: 59/85 MP: 11/11
  6254 | D:8      | Reached ***** piety under Cheibriados
  6307 | D:8      | Found a shimmering blue altar of Sif Muna.
  6579 | D:9      | Noticed a two-headed ogre
  6590 | D:9      | Killed a two-headed ogre
  6856 | D:9      | Found an ancient bone altar of Kikubaaqudgha.
  6894 | D:9      | Reached skill level 5 in Invocations
  7095 | D:9      | Found a staircase to the Orcish Mines.
  7101 | D:9      | Reached XP level 11. HP: 46/95 MP: 8/14
  7417 | D:10     | Entered Level 10 of the Dungeon
  7441 | D:10     | Found an ornate altar of the Wu Jian Council.
  7954 | D:10     | Found a glowing silver altar of Zin.
  8099 | D:10     | Found a stormy altar of Qazlal.
  8117 | D:10     | Found Roitoif's General Store.
  8126 | D:10     | Bought 3 scrolls of identify for 78 gold pieces
  8126 | D:10     | Bought a potion of resistance for 130 gold pieces
  8486 | D:11     | Reached ****** piety under Cheibriados
  8539 | D:11     | Found a staircase to the Lair.
  9055 | D:11     | Found a portal to a secret trove of treasure.
  9103 | D:11     | Found Inodi's General Store.
  9193 | D:11     | Bought 2 potions of berserk rage for 120 gold pieces
  9193 | D:11     | Bought a scroll of teleportation for 36 gold pieces
  9275 | Lair:1   | Entered Level 1 of the Lair of Beasts
  9287 | Lair:1   | Reached skill level 1 in Armour
  9287 | Lair:1   | Reached skill level 1 in Evocations
  9323 | D:11     | Reached skill level 2 in Armour
  9337 | D:11     | Reached XP level 12. HP: 107/107 MP: 16/16
  9356 | Lair:1   | Reached skill level 3 in Armour
  9439 | Lair:1   | Identified the +9 hand axe of Idutyes {antimagic, rF+ rC+}
  9539 | Lair:1   | Reached skill level 5 in Dodging
  9556 | Lair:1   | Reached skill level 4 in Armour
  9960 | Lair:1   | Reached skill level 5 in Armour
  9989 | Lair:2   | Noticed Erica
  9994 | Lair:2   | Killed Erica
 10012 | Lair:2   | Found a staircase to the Shoals.
 10032 | Lair:2   | Reached skill level 5 in Evocations
 10122 | Lair:2   | Noticed a death yak
 10123 | Lair:2   | Noticed a death yak
 10124 | Lair:2   | Noticed a death yak
 10145 | Lair:2   | Killed a death yak
 10146 | Lair:2   | Reached skill level 6 in Armour
 10152 | Lair:2   | Noticed a death yak
 10164 | Lair:2   | Killed a death yak
 10183 | Lair:2   | Killed a death yak
 10199 | Lair:2   | Killed a death yak
 10285 | Lair:2   | Reached skill level 7 in Armour
 10350 | Lair:2   | Found a staircase to the Snake Pit.
 10599 | Lair:3   | Noticed Rupert
 10599 | Lair:3   | Noticed a death yak
 10599 | Lair:3   | Noticed a death yak
 10599 | Lair:3   | Noticed a death yak
 10599 | Lair:3   | Noticed a death yak
 10599 | Lair:3   | Noticed a death yak
 10599 | Lair:3   | Noticed a death yak
 10600 | Lair:3   | Noticed Kirke
 10708 | Lair:3   | Noticed a seven-headed hydra
 10723 | Lair:3   | Killed a seven-headed hydra
 10775 | Lair:3   | Noticed Snorg
 10792 | Lair:3   | Killed Snorg
 10793 | Lair:3   | Reached skill level 8 in Armour
 10793 | Lair:3   | Gained mutation: You can hop long distances. [Barachi
                  | growth]
 10793 | Lair:3   | Reached XP level 13. HP: 113/113 MP: 17/17
 10871 | Lair:3   | Noticed Amaemon
 10896 | Lair:3   | Killed Amaemon
 11044 | Lair:3   | Reached skill level 9 in Armour
 11157 | Lair:2   | Killed Kirke
 11591 | Lair:3   | Killed Rupert
 11975 | Lair:4   | Reached skill level 10 in Armour
 11986 | Lair:4   | Reached skill level 15 in Fighting
 11986 | Lair:4   | Reached skill level 10 in Dodging
 12403 | Lair:4   | Reached XP level 14. HP: 123/123 MP: 18/18
 12575 | Lair:5   | Entered Level 5 of the Lair of Beasts
 12575 | Lair:5   | Found a staircase to the Slime Pits.
 12628 | Lair:5   | Learned a level 3 spell: Stone Arrow
 12929 | Lair:5   | Reached skill level 11 in Armour
 14741 | D:13     | Reached skill level 12 in Armour
 14760 | D:13     | Reached skill level 10 in Evocations
 14841 | D:13     | Found a gate to the Vaults.
 15084 | D:14     | Reached XP level 15. HP: 131/131 MP: 19/19
 15132 | D:14     | Found a blossoming altar of Fedhas.
 15165 | D:14     | Reached skill level 13 in Armour
 15201 | D:14     | Identified Roxanne's Compilation of Permutations
 15201 | D:14     | Noticed Roxanne
 15751 | D:15     | Entered Level 15 of the Dungeon
 16026 | D:15     | Reached skill level 14 in Armour
 16225 | D:15     | Reached skill level 1 in Shields
 16321 | D:15     | Found a staircase to the Depths.
 16710 | Shoals:1 | Entered Level 1 of the Shoals
 16766 | Shoals:1 | Reached skill level 5 in Shields
 16796 | Shoals:1 | Found a transporter.
 16801 | Shoals:1 | Found a transporter.
 16845 | Shoals:1 | Noticed Frances
 16853 | Shoals:1 | Found a transporter.
 16853 | Shoals:1 | Found a transporter.
 16902 | Shoals:1 | Found a transporter.
 16902 | Shoals:1 | Found a transporter.
 16944 | Shoals:1 | Killed Frances
 17518 | Shoals:1 | Reached XP level 16. HP: 138/138 MP: 20/20
 17743 | Shoals:2 | Reached skill level 10 in Shields
 17785 | Shoals:2 | Identified the +1 leather armour of Impermeability {-Tele
                  | Harm rN++ Str+2}
 18142 | Shoals:2 | Found Jisyth's Distillery.
 18302 | Shoals:2 | Bought a potion of curing for 48 gold pieces
 18302 | Shoals:2 | Bought 2 potions of invisibility for 256 gold pieces
 19025 | Shoals:4 | Entered Level 4 of the Shoals
 20087 | Shoals:4 | Reached XP level 17. HP: 119/149 MP: 21/21
 20462 | Shoals:4 | Reached skill level 15 in Short Blades
 20671 | Shoals:4 | Got a barnacled rune of Zot
 20998 | Orc:1    | Entered Level 1 of the Orcish Mines
 21034 | Orc:2    | Entered Level 2 of the Orcish Mines
 21115 | Orc:2    | Found a staircase to the Elven Halls.
 21191 | Orc:2    | Noticed Saint Roka
 21204 | Orc:2    | Reached skill level 5 in Throwing
 21264 | Orc:1    | Found Ucriucy's Mass Market.
 21304 | Orc:1    | Found a frozen archway.
 21327 | IceCv    | Entered an ice cave
 21331 | IceCv    | Found a transporter.
 21364 | IceCv    | Found a transporter.
 21466 | IceCv    | Got Sif Muna's Arcane Secrets of Wizarding
 21468 | IceCv    | Got the Grimoire of Poison and the Snowflakes
 21470 | IceCv    | Identified the +8 glaive of the Disbelieving King {protect,
                  | rElec rN+ Will+ Int+3}
 21901 | Orc:2    | Killed Saint Roka
 21980 | Orc:2    | Found Gevygh's General Store.
 21986 | Orc:2    | Found Zus Egg's Antique Armour Emporium.
 21987 | Orc:2    | Found Jomeh's Jewellery Emporium.
 21987 | Orc:2    | Found Olom's Antique Weapon Emporium.
 22000 | Orc:2    | Bought a ring of protection from fire for 350 gold pieces
 22045 | Orc:2    | Bought a scroll of teleportation for 45 gold pieces
 22045 | Orc:2    | Bought a scroll of blinking for 112 gold pieces
 22045 | Orc:2    | Bought 2 scrolls of teleportation for 90 gold pieces
 22045 | Orc:2    | Bought a scroll of teleportation for 45 gold pieces
 22061 | Orc:2    | Bought a crude scale mail for 297 gold pieces
 22061 | Orc:2    | Identified the +0 scale mail "Bola" {rF++} (You bought it
                  | in a shop on level 2 of the Orcish Mines)
 22465 | Vaults:1 | Entered Level 1 of the Vaults
 23126 | Vaults:1 | Reached XP level 18. HP: 158/158 MP: 20/22
 23526 | Vaults:1 | Identified the +0 hand axe "Hiuph" {flame, rN+}
 24059 | Vaults:1 | Reached XP level 19. HP: 64/167 MP: 17/23
 24661 | Snake:1  | Entered Level 1 of the Snake Pit
 24664 | Snake:1  | Upgraded the game from 0.30-a0-462-gd5975ef to
                  | 0.30-a0-465-g8901f6c
 24744 | Snake:1  | Identified the +1 ring mail of Munnioh {Dex+4}
 25263 | Snake:1  | Reached skill level 1 in Translocations
 25731 | Snake:2  | Found Jaomoeth's Assorted Antiques.
 26069 | Snake:2  | Found a sacrificial altar of Ru.
 26222 | Snake:3  | Found Ficeci Desysm's Weapon Shop.
 26231 | Snake:3  | Bought 5 poisoned darts for 30 gold pieces
 26577 | Snake:3  | Found Uddig's Antique Weapon Shoppe.
 26619 | Snake:3  | Found Foipnamn's Antique Weapon Emporium.
 26645 | Snake:3  | Found Momitogg's Jewellery Emporium.
 26733 | Snake:3  | Found Ophabero's Jewellery Emporium.
 26955 | Snake:3  | Identified the +1 leather armour of the Jolly Thickets {Fly
                  | rElec Will+ Int-2}
 27599 | Snake:4  | Entered Level 4 of the Snake Pit
 27757 | Snake:4  | Reached skill level 5 in Translocations
 27912 | Snake:4  | Reached skill level 15 in Shields
 28122 | Snake:4  | Found a runed translucent door.
 28124 | Snake:4  | Noticed Mesuenwa's ghost (adept DEHW)
 28326 | Snake:4  | Reached XP level 20. HP: 174/176 MP: 24/24
 28359 | Snake:4  | Reached skill level 15 in Armour
 28509 | Snake:4  | Reached skill level 10 in Throwing
 28762 | Snake:4  | Reached skill level 16 in Armour
 29078 | Snake:4  | Got a serpentine rune of Zot
 29552 | Vaults:2 | Reached skill level 17 in Armour
 29940 | Snake:2  | Bought a notched wooden ring for 125 gold pieces
 29940 | Snake:2  | Bought a scroll of acquirement for 1300 gold pieces
 29942 | Snake:2  | Acquired a +3 vampiric quick blade
 30128 | Depths:1 | Entered Level 1 of the Depths
 30617 | Depths:1 | Found a runed translucent gate.
 30617 | Depths:1 | Found a runed translucent gate.
 30617 | Depths:1 | Found a runed translucent gate.
 30617 | Depths:1 | Noticed Feaxav's ghost (adept TrMo)
 30619 | Depths:1 | Found a basalt altar of Yredelemnul.
 30674 | Depths:1 | Reached skill level 18 in Armour
 31207 | Depths:1 | Identified the +2 chain mail "Qaggyvoh" {rC+}
 31468 | Depths:2 | Reached skill level 15 in Dodging
 31516 | Depths:2 | Found a one-way gate leading to the halls of Pandemonium.
 31519 | Depths:2 | Gained mutation: You are clumsy. (Dex -2) [a neqoxec]
 31533 | Depths:2 | Gained mutation: You sometimes lose your temper in combat.
                  | [a neqoxec]
 31541 | Depths:2 | Lost mutation: You are clumsy. (Dex -2) [potion of
                  | mutation]
 31541 | Depths:2 | Lost mutation: You sometimes lose your temper in combat.
                  | [potion of mutation]
 31541 | Depths:2 | Gained mutation: You occasionally lose the ability to drink
                  | potions when taking damage. [potion of mutation]
 31541 | Depths:2 | Gained mutation: You have hidden genetic potential. [potion
                  | of mutation]
 31574 | Depths:2 | Found Rotierch's Antique Weapon Emporium.
 31577 | Depths:2 | Found Enoiz's Weapon Shoppe.
 31577 | Depths:2 | Found Fearix's Magic Scroll Emporium.
 31580 | Depths:2 | Found Zeuquck's General Store.
 31613 | Depths:2 | Found a flickering gateway to a bazaar.
 31622 | Bazaar   | Entered a bazaar
 31622 | Bazaar   | Found Yphiget's Jewellery Boutique.
 31622 | Bazaar   | Found Busaynag's Jewellery Shop.
 31652 | Bazaar   | Found Dinwubu's Distillery.
 31664 | Bazaar   | Found Xuteisewk's Distillery.
 31678 | Bazaar   | Found Citec's General Store.
 31762 | Bazaar   | Bought a potion of curing for 48 gold pieces
 31762 | Bazaar   | Bought a potion of heal wounds for 80 gold pieces
 31807 | Depths:2 | Found a gateway to Hell.
 31970 | Depths:2 | Paralysed by a vampire knight for 4 turns
 31975 | Depths:2 | Reached skill level 19 in Armour
 31982 | Depths:2 | Reached XP level 21. HP: 90/183 MP: 4/27
 32519 | Depths:2 | You fall into a shaft and drop 2 floors!
 32519 | Depths:4 | Entered Level 4 of the Depths
 32546 | Depths:4 | Noticed a caustic shrike
 32546 | Depths:4 | Noticed a caustic shrike
 32547 | Depths:4 | Noticed a caustic shrike
 32547 | Depths:4 | Noticed a caustic shrike
 32549 | Depths:4 | Killed a caustic shrike
 32549 | Depths:4 | Killed a caustic shrike
 32549 | Depths:4 | Killed a caustic shrike
 32570 | Depths:4 | Killed a caustic shrike
 32606 | Depths:4 | Found a one-way gateway to a ziggurat.
 32761 | Depths:4 | Reached skill level 20 in Armour
 33082 | Depths:4 | Reached skill level 10 in Invocations
 33153 | Depths:4 | Noticed a juggernaut
 33193 | Depths:4 | Killed a juggernaut
 33478 | Depths:4 | Noticed a caustic shrike
 33478 | Depths:4 | Noticed a caustic shrike
 33478 | Depths:4 | Noticed a caustic shrike
 33478 | Depths:4 | Noticed a caustic shrike
 33480 | Depths:4 | Noticed a caustic shrike
 33500 | Depths:4 | Killed a caustic shrike
 33501 | Depths:4 | Reached skill level 21 in Armour
 33507 | Depths:4 | Killed a caustic shrike
 33508 | Depths:4 | Killed a caustic shrike
 33524 | Depths:4 | Killed a caustic shrike
 33560 | Depths:4 | Killed a caustic shrike
 33718 | Depths:2 | Gained mutation: You have large cloven feet. [hidden
                  | potential]
 34377 | Depths:3 | Reached XP level 22. HP: 156/162 MP: 30/30
 34782 | Depths:3 | Paralysed by a vampire knight for 4 turns
 35227 | Depths:3 | Paralysed by a vampire knight for 3 turns
 35394 | Depths:3 | Paralysed by a vampire knight for 5 turns
 35427 | Depths:3 | Paralysed by a vampire knight for 2 turns
 35428 | Depths:3 | HP: 7/160 [frost giant/+1 battleaxe of freezing (22)]
 35428 | Depths:3 | HP: 3/160 [frost giant/+1 battleaxe of freezing (4)]
 35428 | Depths:3 | Slain by a spectral sphinx

Illustrated notes

Levels and vault maps discovered:
D:1:      wander_arrival_chamber, layout_basic
D:2:      layout_rooms, basic_altar
D:3:      wad_crossroads, layout_basic, amcnicky_altar_gilded,
          kennysheep_generic_room_5
D:4:      layout_basic, grunt_dithmenos_smoke,
          gammafunk_temple_overflow_elements, minmay_temple_entry_proselytizer,
          serial_shops, shop, minmay_misc_feat_chi, grunt_decor_one_mirror
D:5:      layout_loops_corners, portal_sewer_entry_e, kennysheep_nondescript,
          kennysheep_generic_room_8
D:6:      layout_loops_ring, grunt_gozag_breadcrumbs, st_stairs_10,
          hangedman_decor_slide_cut, uniq_grinder
D:7:      layout_cave_pools
D:8:      layout_rooms, mainiacjoe_overflow_alcove_2, minmay_bent
D:9:      layout_gridville, tgw_kikubaaqudgha, david_orc_5
D:10:     layout_stronghold, zin_scriptorium, pdpol_wu_jian_five_deadly_venoms,
          grunt_qazlal_clouds, serial_shops, shop, nicolae_figureground_sparkle
D:11:     layout_basic, minmay_lair_entry_grove, nicolae_trove_entry_diagonal,
          serial_shops, shop_statue
D:12:     layout_basic
D:13:     layout_cave_pools, erik_vaults_1
D:14:     layout_loops_ring, chequers_serial_rivers_micro_a,
          fedhas_altar_fruit_tree, uniq_roxanne
D:15:     hangedman_depths_entry_civil_slaughter, layout_long_grid,
          chequers_avenue, amcnicky_mini_rare_corridor_liquid,
          minmay_three_doors
Temple:   hellmonk_temple_flake
Lair:1:   layout_chaotic_city, chequers_serial_rivers_micro_e,
          grunt_megastairs_5
Lair:2:   layout_regular_city, minmay_shoals_entry_lonely_mermaid,
          guppyfry_snake_entry_island, grunt_megastairs_2, serial_bayou_shore_a,
          lemuel_fruit_tree, uniq_erica
Lair:3:   layout_small_grid, infiniplex_staircase_pool, uniq_snorg, uniq_kirke,
          uniq_rupert, uniq_amaemon
Lair:4:   layout_loops_ring, dreamdust_gnoll_shepherd, grunt_megastairs_1
Lair:5:   grunt_lair_end_beastmaster, layout_regular_city, slime_entry_1
Shoals:1: layout_shoals, serial_nicolae_subway, nicolae_sub_station_crystal,
          nicolae_sub_station_stone, nicolae_sub_station_metal, uniq_frances
Shoals:2: layout_shoals, serial_shops, nicolae_shop_stone
Shoals:3: layout_shoals
Shoals:4: shoals_end_grunt_garden, layout_shoals, nicolae_shoals_seven_spires
Snake:1:  layout_grid_maze
Snake:2:  layout_chambers, basic_altar, serial_shops, shop
Snake:3:  layout_grid_maze, serial_shops, shop, nicolae_shop_crystal, shop,
          nicolae_square_shop, nicolae_shop_bloodbath_and_beyond
Snake:4:  minmay_snake_end_coiled, layout_cave_town,
          ebering_ghost_reflecting_pool, grunt_ministairs_12
Orc:1:    layout_caves, portal_ice_cave_demonic_guard, minmay_shop_mass
Orc:2:    grunt_orc_cross, layout_diamond_mine, lightli_volcano_entry_magma_tube
Vaults:1: ontoclasm_vaults_misaligned, v_misc_2, st_cross,
          ontoclasm_vaults_shuriken, v_misc_12, hangedman_vaults_slice,
          vaults_mumra_chevron_long, vaults_mumra_minichess,
          ontoclasm_vaults_chip, vaults_mumra_minichess_inversion,
          layout_vaults_omnibox
Vaults:2: minmay_crypt_entry_simple_statues, nicolae_vaults_little_squares_6,
          vaults_room_pools, v_misc_31, v_pattern_4, v_misc_3,
          hangedman_vaults_slither, v_misc_29, grunt_vaults_hallway_long,
          ontoclasm_vaults_fault, grunt_vaults_hallway_short,
          hangedman_vaults_restitches, nicolae_vaults_diagonal_hallway_8,
          nicolae_vaults_angled_halls, nicolae_vaults_little_ls,
          layout_vaults_maze_snakey
Depths:1: layout_gridville, hellmouth_2, kennysheep_minor_cross,
          nicolae_yredelemnul_ghost_church
Depths:2: minmay_connected_triangles_in_corner, layout_twisted_cross,
          rand_demon_pan_entry_1, serial_shops, bzr_entry_customers,
          hangedman_tar_grid_catacomb, serial_bayou_shore_b, minmay_shoptagon,
          infiniplex_staircase_pillars_3b
Depths:3: lemuel_river_lethe, abyss_entry, hell_entry
Depths:4: grunt_zot_entry_alcove, layout_gridlike, enter_ziggurat_f,
          hellmouth_3, hangedman_devilish_allure

Skill      XL: |  1  2  3  4  5  6  7  8  9 10 11 12 13 14 15 16 17 18 19 20 21 22 |
---------------+-------------------------------------------------------------------+-----
Short Blades   | 4 5 6 7 8 9 10 12 13 14 15 16 | 16.0
Fighting       | 5 7 10 11 14 15 16 17 18 19 20 | 20.0
Invocations    | 2 5 6 8 11 12 | 12.0
Armour         | 2 8 10 12 14 19 21 | 21.1
Evocations     | 2 6 8 10 11 12 | 12.1
Dodging        | 4 8 10 12 14 15 17 18 | 18.2
Shields        | 8 12 13 15 | 15.0
Throwing       | 3 6 7 9 10 | 10.0
Translocations | 5 |  5.0

Action                   |  1- 3 |  4- 6 |  7- 9 | 10-12 | 13-15 | 16-18 | 19-21 | 22-24 || total
-------------------------+-------+-------+-------+-------+-------+-------+-------+-------++-------
Melee: Rapier            |   107 |   186 |   420 |   905 |  1526 |  1620 |  2575 |   378 ||  7717
       Punch             |     2 |     1 |     3 |    13 |    36 |     4 |       |       ||    59
Throw: Throwing net      |       |     1 |     2 |       |     1 |     1 |     2 |       ||     7
       Dart              |       |       |     7 |    44 |    17 |    82 |   102 |       ||   252
       Javelin           |       |       |     1 |       |       |     6 |    22 |     7 ||    36
       Boomerang         |       |       |       |       |       |     6 |       |       ||     6
 Cast: Blink             |       |       |       |       |       |     1 |       |       ||     1
Invok: Slouch            |       |       |       |     1 |     9 |    11 |    18 |     5 ||    44
       Step From Time    |       |       |       |     1 |       |       |     1 |     1 ||     3
       Bend Time         |       |       |       |     1 |       |       |       |     1 ||     2
       Temporal Distorti |       |       |       |       |       |     8 |       |       ||     8
 Abil: Hop               |       |     3 |     3 |     5 |     6 |    11 |     9 |     3 ||    40
Evoke: Wand              |       |       |     4 |     4 |     3 |    11 |    11 |       ||    33
       Box of beasts     |       |       |       |       |       |     2 |       |       ||     2
       Phantom mirror    |       |       |       |       |       |       |     1 |       ||     1
  Use: Scroll            |       |     6 |     5 |    12 |    12 |     9 |    19 |       ||    63
       Potion            |       |     2 |       |     3 |     5 |     3 |    10 |     2 ||    25
 Stab: Sleeping          |     4 |     3 |     6 |     7 |    13 |     5 |    12 |       ||    50
       Held in net/web   |       |     1 |       |       |       |       |       |       ||     1
       Distracted        |       |       |     2 |       |     2 |     1 |     1 |       ||     6
       Paralysed         |       |       |     1 |       |       |       |       |       ||     1
       Petrified         |       |       |       |       |     1 |       |       |       ||     1
       Invisible         |       |       |       |       |       |     8 |     6 |       ||    14
Armor: Leather armour    |    39 |    49 |   137 |   239 |   281 |   150 |   109 |       ||  1004
       Chain mail        |       |       |       |       |       |       |   188 |   121 ||   309
Dodge: Dodged            |    54 |   120 |   276 |   515 |  1315 |  1136 |  1145 |   198 ||  4759
Block: Kite shield       |       |       |       |       |       |   980 |   682 |       ||  1662
       Reflection        |       |       |       |       |       |    16 |   122 |       ||   138
       Tower shield      |       |       |       |       |       |       |  2437 |   464 ||  2901

Table legend: (Time is in decaauts)
 A = Elapsed time spent in this place.
 B = Non-inter-level travel time spent in this place.
 C = Inter-level travel time spent in this place.
 D = Time resting spent in this place.
 E = Time spent auto-exploring this place.
 F = Levels seen in this place.
 G = Mean time per level.
                   A        B        C        D        E       F      G
               +--------+--------+--------+--------+--------+-----+--------+
         Total |  59480 |  47903 |  11577 |   2478 |   9608 |  40 | 1487.0 |
       Dungeon |  21246 |  16569 |   4677 |    488 |   4661 |  15 | 1416.4 |
        Temple |     62 |     47 |     15 |      0 |      0 |   1 |   62.0 |
          Lair |   8026 |   6359 |   1667 |    239 |    924 |   5 | 1605.2 |
        Shoals |   6314 |   5563 |    751 |    710 |    203 |   4 | 1578.5 |
     Snake Pit |   8759 |   6802 |   1957 |    146 |    280 |   4 | 2189.8 |
  Orcish Mines |   2907 |   2564 |    343 |      0 |   1707 |   2 | 1453.5 |
        Vaults |   3470 |   2534 |    936 |    274 |    512 |   2 | 1735.0 |
        Depths |   7618 |   6389 |   1229 |    577 |   1194 |   4 | 1904.5 |
        Bazaar |    346 |    346 |      0 |      0 |      0 |   1 |  346.0 |
         Sewer |    542 |    542 |      0 |      0 |    123 |   1 |  542.0 |
      Ice Cave |    186 |    186 |      0 |     42 |      0 |   1 |  186.0 |
               +--------+--------+--------+--------+--------+-----+--------+

Top non-repeatable levels by time:
Vaults:1: 3142 daAuts
 Snake:3: 2666 daAuts
 Snake:4: 2558 daAuts
    D:12: 2487 daAuts
Depths:1: 2335 daAuts
Depths:2: 2335 daAuts
 Snake:1: 2195 daAuts
    D:10: 2167 daAuts
    D:11: 2065 daAuts
   Orc:2: 1916 daAuts
  Lair:3: 1897 daAuts
Shoals:3: 1796 daAuts
  Lair:2: 1783 daAuts
Shoals:1: 1647 daAuts
  Lair:5: 1631 daAuts
